[ AOE2 MATCH · #475091281 ]
UnrankedGoths vs Chinese
[ REPLAY ANALYSIS · EXTRACTED FROM THE RECORDED GAME ]
Feudal
16:07
Castle
22:23
Imperial
36:41
| APM avg | 43.4 |
| APM peak | 91 |
| eAPM avg | 25.5 |
| Villagers / military | 131 / 322 |
Focus
⚔️ 30.4% · 🌾 69.6%
Militia ×222 · Spearman ×84 · Trade Cart ×43 · Huskarl ×7 · Bombard Cannon ×6 · Trebuchet (Packed) ×2
Feudal
11:09
Castle
16:01
Imperial
36:26
| APM avg | 61.6 |
| APM peak | 113 |
| eAPM avg | 28.7 |
| Villagers / military | 231 / 151 |
Focus
⚔️ 32.1% · 🌾 67.9%
Chu Ko Nu ×94 · Trade Cart ×26 · Fire Lancer ×17 · Knight ×14 · Battering Ram ×10 · Monk ×5
Feudal
15:54
Castle
20:47
Imperial
31:41
| APM avg | 60.5 |
| APM peak | 117 |
| eAPM avg | 32.9 |
| Villagers / military | 160 / 216 |
Focus
⚔️ 37.3% · 🌾 62.7%
Shotel Warrior ×202 · Trade Cart ×10 · Bombard Cannon ×10 · Trebuchet (Packed) ×2 · Monk ×1 · Battering Ram ×1
Feudal
11:13
Castle
15:40
Imperial
30:02
| APM avg | 47.1 |
| APM peak | 91 |
| eAPM avg | 23.7 |
| Villagers / military | 133 / 139 |
Focus
⚔️ 41.9% · 🌾 58.1%
Knight ×104 · Trade Cart ×24 · Cavalry Archer ×16 · Bombard Cannon ×14 · Battering Ram ×4 · Monk ×1
Feudal
12:32
Castle
16:32
Imperial
38:51
| APM avg | 41.7 |
| APM peak | 92 |
| eAPM avg | 26.1 |
| Villagers / military | 166 / 129 |
Focus
⚔️ 43.0% · 🌾 57.0%
Spearman ×77 · Conquistador ×39 · Battering Ram ×10 · Mangonel ×2 · Missionary ×1
Feudal
10:33
Castle
14:48
Imperial
33:51
| APM avg | 62.8 |
| APM peak | 135 |
| eAPM avg | 33.8 |
| Villagers / military | 172 / 261 |
Focus
⚔️ 37.7% · 🌾 62.3%
Scout Cavalry ×94 · Cavalry Archer ×92 · Camel Scout ×18 · Steppe Lancer ×18 · Iron Pagoda ×16 · Skirmisher ×10
Feudal
17:47
Castle
25:33
Imperial
38:25
| APM avg | 30.7 |
| APM peak | 95 |
| eAPM avg | 21.5 |
| Villagers / military | 203 / 41 |
Focus
⚔️ 24.4% · 🌾 75.6%
Knight ×40 · Mangonel ×1
Feudal
20:24
Castle
24:41
Imperial
35:20
| APM avg | 47.6 |
| APM peak | 104 |
| eAPM avg | 27.6 |
| Villagers / military | 170 / 15 |
Focus
⚔️ 20.0% · 🌾 80.0%
Spearman ×15 · Unknown (1942) ×8 · Unknown (1968) ×7
Match map
Initial resources + every placement click. Lines = walls · curves = elevation contours. ◆ gold · ⬟ stone · ● berries · ✦ relic · ◌ wall gap
Your base· ✓ Closed at 22:23 · 55t walls · no gate
Kirby Nach's base· ✓ Closed at 16:01 · 0t walls · no gate
lion_'s base· ✓ Closed at 20:47 · 53t walls · 3 gate(s)
MrGuler's base· ✓ Closed at 15:40 · 0t walls · no gate
oLiVe007's base· ✓ Closed at 16:32 · 37t walls · 1 gate(s)
Capmari's base· ✓ Closed at 14:48 · 26t walls · no gate
Rodney McKay's base· ✓ Closed at 25:33 · 37t walls · no gate
Rest in Pieces's base· ✓ Closed at 24:41 · 93t walls · 2 gate(s)
Smoothed initial terrain · ◌ = detected wall gap · hover for details
Inputs per minute
— timmex - - Kirby Nach
Build order — timmex
First 150 of 508 actions detected
| 0:03 | Create | Villager (Male) |
| 0:03 | Create | Villager (Male) |
| 0:03 | Create | Villager (Male) |
| 0:03 | Create | Villager (Male) |
| 0:05 | Build | House |
| 0:07 | Build | House |
| 0:13 | Research | Loom |
| 0:13 | Create | Villager (Male) |
| 0:26 | Create | Villager (Male) |
| 0:36 | Create | Villager (Male) |
| 0:36 | Create | Villager (Male) |
| 1:29 | Build | Palisade Wall |
| 1:32 | Build | Palisade Wall |
| 1:34 | Build | Palisade Wall |
| 1:38 | Build | Palisade Wall |
| 2:14 | Build | Palisade Wall |
| 2:21 | Create | Villager (Male) |
| 2:21 | Create | Villager (Male) |
| 2:56 | Create | Villager (Male) |
| 3:25 | Create | Villager (Male) |
| 3:57 | Create | Villager (Male) |
| 4:35 | Create | Villager (Male) |
| 5:14 | Create | Villager (Male) |
| 5:22 | Create | Villager (Male) |
| 5:39 | Create | Villager (Male) |
| 5:39 | Create | Villager (Male) |
| 6:25 | Create | Villager (Male) |
| 6:25 | Create | Villager (Male) |
| 6:34 | Build | House |
| 7:12 | Create | Villager (Male) |
| 7:12 | Create | Villager (Male) |
| 7:17 | Create | Villager (Male) |
| 7:36 | Create | Villager (Male) |
| 7:42 | Build | Palisade Wall |
| 8:22 | Build | Palisade Wall |
| 8:24 | Build | Palisade Wall |
| 8:42 | Build | House |
| 9:15 | Create | Villager (Male) |
| 9:15 | Create | Villager (Male) |
| 9:15 | Create | Villager (Male) |
| 9:50 | Build | Palisade Wall |
| 10:07 | Create | Villager (Male) |
| 10:13 | Build | Palisade Wall |
| 10:25 | Build | Mill |
| 11:03 | Create | Villager (Male) |
| 11:05 | Build | Lumber Camp |
| 11:14 | Build | House |
| 11:16 | Build | House |
| 11:21 | Build | Palisade Wall |
| 11:24 | Build | Palisade Wall |
| 11:44 | Create | Villager (Male) |
| 11:44 | Create | Villager (Male) |
| 11:53 | Build | Palisade Wall |
| 12:06 | Build | Mill |
| 12:21 | Create | Villager (Male) |
| 12:24 | Build | House |
| 12:48 | Build | Palisade Wall |
| 13:06 | Build | Lumber Camp |
| 13:07 | Create | Villager (Male) |
| 13:08 | Create | Villager (Male) |
| 13:21 | Build | Palisade Wall |
| 13:29 | Build | Palisade Wall |
| 13:36 | Build | Farm |
| 13:39 | Create | Villager (Male) |
| 13:55 | Research | Feudal Age |
| 13:55 | Research | Feudal Age |
| 14:00 | Build | Farm |
| 14:10 | Build | Mining Camp |
| 14:41 | Build | Lumber Camp |
| 15:04 | Create | Villager (Male) |
| 15:04 | Create | Villager (Male) |
| 15:19 | Build | Farm |
| 15:25 | Build | Farm |
| 15:31 | Build | Farm |
| 15:39 | Build | Farm |
| 15:49 | Build | Farm |
| 16:07 | Age | Feudal Age |
| 16:11 | Research | Double-Bit Axe |
| 16:12 | Research | Horse Collar |
| 16:16 | Create | Villager (Male) |
| 16:45 | Build | House |
| 16:48 | Build | Farm |
| 16:50 | Create | Villager (Male) |
| 17:02 | Build | Farm |
| 17:08 | Build | Market |
| 17:14 | Create | Villager (Male) |
| 17:27 | Build | Farm |
| 17:54 | Build | Blacksmith |
| 18:01 | Build | Outpost |
| 18:05 | Build | Outpost |
| 18:09 | Create | Villager (Male) |
| 18:11 | Build | Farm |
| 18:17 | Build | Farm |
| 18:20 | Create | Villager (Male) |
| 18:24 | Build | Farm |
| 19:01 | Build | Farm |
| 19:02 | Create | Villager (Male) |
| 19:06 | Build | House |
| 19:07 | Build | House |
| 19:09 | Build | House |
| 19:09 | Build | House |
| 19:43 | Research | Castle Age |
| 20:07 | Research | Gold Mining |
| 20:19 | Build | Barracks |
| 20:35 | Build | House |
| 20:41 | Create | Villager (Male) |
| 20:41 | Create | Villager (Male) |
| 22:23 | Age | Castle Age |
| 22:40 | Build | Town Center |
| 22:45 | Build | Town Center |
| 22:58 | Build | Town Center |
| 23:08 | Build | Barracks |
| 23:11 | Research | Pikeman (upgrade) |
| 23:14 | Create | Villager (Male) |
| 23:15 | Create | Villager (Male) |
| 23:19 | Build | Farm |
| 23:20 | Build | Farm |
| 23:25 | Build | Farm |
| 23:27 | Research | Scale Mail Armor |
| 23:30 | Research | Forging |
| 23:32 | Create | Spearman |
| 23:42 | Research | Bow Saw |
| 23:44 | Create | Villager (Male) |
| 23:48 | Create | Spearman |
| 23:51 | Create | Spearman |
| 23:56 | Create | Spearman |
| 23:56 | Create | Spearman |
| 24:04 | Create | Spearman |
| 24:04 | Create | Spearman |
| 24:04 | Create | Spearman |
| 24:07 | Research | Scale Mail Armor |
| 24:18 | Create | Villager (Male) |
| 24:19 | Create | Villager (Male) |
| 24:38 | Create | Villager (Male) |
| 24:40 | Create | Trade Cart |
| 24:51 | Create | Spearman |
| 24:52 | Create | Spearman |
| 24:55 | Create | Spearman |
| 24:56 | Create | Spearman |
| 25:07 | Build | Mining Camp |
| 25:15 | Create | Spearman |
| 25:15 | Create | Spearman |
| 25:23 | Create | Spearman |
| 25:23 | Create | Spearman |
| 25:44 | Create | Spearman |
| 25:44 | Create | Spearman |
| 25:49 | Create | Spearman |
| 25:49 | Create | Spearman |
| 25:53 | Create | Spearman |
| 25:53 | Create | Spearman |
Build order — Kirby Nach
First 150 of 595 actions detected
| 0:04 | Research | Loom |
| 0:41 | Create | Villager (Male) |
| 0:41 | Create | Villager (Male) |
| 0:41 | Create | Villager (Male) |
| 0:41 | Create | Villager (Male) |
| 0:41 | Create | Villager (Male) |
| 0:41 | Create | Villager (Male) |
| 0:41 | Create | Villager (Male) |
| 0:41 | Create | Villager (Male) |
| 1:08 | Create | Villager (Male) |
| 1:08 | Create | Villager (Male) |
| 1:09 | Create | Villager (Male) |
| 1:09 | Create | Villager (Male) |
| 1:09 | Create | Villager (Male) |
| 1:09 | Create | Villager (Male) |
| 1:09 | Create | Villager (Male) |
| 1:09 | Create | Villager (Male) |
| 1:33 | Create | Villager (Male) |
| 1:33 | Create | Villager (Male) |
| 1:33 | Create | Villager (Male) |
| 1:33 | Create | Villager (Male) |
| 1:33 | Create | Villager (Male) |
| 1:33 | Create | Villager (Male) |
| 1:33 | Create | Villager (Male) |
| 2:04 | Build | Lumber Camp |
| 2:11 | Create | Villager (Male) |
| 2:11 | Create | Villager (Male) |
| 2:11 | Create | Villager (Male) |
| 2:11 | Create | Villager (Male) |
| 2:11 | Create | Villager (Male) |
| 2:11 | Create | Villager (Male) |
| 2:11 | Create | Villager (Male) |
| 2:24 | Create | Villager (Male) |
| 2:24 | Create | Villager (Male) |
| 2:24 | Create | Villager (Male) |
| 2:38 | Build | House |
| 2:53 | Create | Villager (Male) |
| 2:53 | Create | Villager (Male) |
| 3:12 | Create | Villager (Male) |
| 3:12 | Create | Villager (Male) |
| 3:12 | Create | Villager (Male) |
| 3:12 | Create | Villager (Male) |
| 3:12 | Create | Villager (Male) |
| 3:12 | Create | Villager (Male) |
| 3:12 | Create | Villager (Male) |
| 3:12 | Create | Villager (Male) |
| 3:40 | Create | Villager (Male) |
| 3:40 | Create | Villager (Male) |
| 3:54 | Build | House |
| 4:05 | Create | Villager (Male) |
| 4:05 | Create | Villager (Male) |
| 4:05 | Create | Villager (Male) |
| 4:05 | Create | Villager (Male) |
| 4:05 | Create | Villager (Male) |
| 4:05 | Create | Villager (Male) |
| 4:05 | Create | Villager (Male) |
| 4:05 | Create | Villager (Male) |
| 4:05 | Create | Villager (Male) |
| 4:13 | Build | House |
| 4:40 | Create | Villager (Male) |
| 4:40 | Create | Villager (Male) |
| 4:40 | Create | Villager (Male) |
| 4:40 | Create | Villager (Male) |
| 4:40 | Create | Villager (Male) |
| 5:09 | Create | Villager (Male) |
| 5:09 | Create | Villager (Male) |
| 5:09 | Create | Villager (Male) |
| 5:09 | Create | Villager (Male) |
| 5:09 | Create | Villager (Male) |
| 5:09 | Create | Villager (Male) |
| 5:20 | Build | Mill |
| 5:44 | Create | Villager (Male) |
| 5:44 | Create | Villager (Male) |
| 5:44 | Create | Villager (Male) |
| 5:44 | Create | Villager (Male) |
| 5:44 | Create | Villager (Male) |
| 5:44 | Create | Villager (Male) |
| 5:44 | Create | Villager (Male) |
| 6:16 | Create | Villager (Male) |
| 6:16 | Create | Villager (Male) |
| 6:16 | Create | Villager (Male) |
| 6:16 | Create | Villager (Male) |
| 6:16 | Create | Villager (Male) |
| 6:16 | Create | Villager (Male) |
| 6:17 | Create | Villager (Male) |
| 6:23 | Build | Mining Camp |
| 7:02 | Create | Villager (Male) |
| 7:02 | Create | Villager (Male) |
| 7:02 | Create | Villager (Male) |
| 7:02 | Create | Villager (Male) |
| 7:03 | Create | Villager (Male) |
| 7:03 | Create | Villager (Male) |
| 7:08 | Create | Villager (Male) |
| 7:08 | Create | Villager (Male) |
| 7:08 | Create | Villager (Male) |
| 7:08 | Create | Villager (Male) |
| 7:08 | Create | Villager (Male) |
| 7:08 | Create | Villager (Male) |
| 7:23 | Create | Villager (Male) |
| 7:23 | Create | Villager (Male) |
| 7:23 | Create | Villager (Male) |
| 7:23 | Create | Villager (Male) |
| 7:24 | Create | Villager (Male) |
| 7:55 | Create | Villager (Male) |
| 8:34 | Create | Villager (Male) |
| 8:36 | Build | Farm |
| 8:37 | Build | Farm |
| 8:49 | Research | Feudal Age |
| 8:49 | Research | Feudal Age |
| 8:49 | Research | Feudal Age |
| 8:54 | Build | Farm |
| 8:58 | Build | Barracks |
| 9:21 | Create | Villager (Male) |
| 9:50 | Create | Villager (Male) |
| 11:09 | Age | Feudal Age |
| 11:15 | Create | Villager (Male) |
| 11:17 | Build | Stable |
| 11:21 | Build | Blacksmith |
| 12:01 | Create | Villager (Male) |
| 12:07 | Build | House |
| 12:34 | Create | Villager (Male) |
| 12:35 | Build | House |
| 13:21 | Research | Castle Age |
| 13:22 | Research | Castle Age |
| 13:38 | Research | Double-Bit Axe |
| 13:38 | Research | Double-Bit Axe |
| 13:38 | Research | Double-Bit Axe |
| 13:58 | Research | Gold Mining |
| 13:59 | Research | Gold Mining |
| 13:59 | Research | Gold Mining |
| 14:20 | Build | House |
| 14:40 | Research | Horse Collar |
| 14:40 | Research | Horse Collar |
| 15:05 | Build | House |
| 15:29 | Create | Villager (Male) |
| 16:01 | Age | Castle Age |
| 16:04 | Build | Siege Workshop |
| 16:05 | Create | Knight |
| 16:08 | Research | Bow Saw |
| 16:08 | Research | Bow Saw |
| 16:08 | Research | Bow Saw |
| 16:08 | Research | Bow Saw |
| 16:14 | Research | Heavy Plow |
| 16:14 | Research | Heavy Plow |
| 16:15 | Research | Heavy Plow |
| 16:15 | Research | Heavy Plow |
| 16:22 | Create | Villager (Male) |
| 16:32 | Build | Farm |
| 16:41 | Create | Knight |
| 16:47 | Create | Battering Ram |
Build order — lion_
First 150 of 572 actions detected
| 0:01 | Create | Villager (Male) |
| 0:03 | Build | House |
| 0:04 | Build | House |
| 0:23 | Research | Loom |
| 0:23 | Create | Villager (Male) |
| 0:23 | Create | Villager (Male) |
| 0:23 | Create | Villager (Male) |
| 0:24 | Create | Villager (Male) |
| 2:16 | Create | Villager (Male) |
| 2:33 | Create | Villager (Male) |
| 3:03 | Create | Villager (Male) |
| 3:44 | Create | Villager (Male) |
| 4:09 | Create | Villager (Male) |
| 4:09 | Create | Villager (Male) |
| 4:25 | Build | Palisade Gate |
| 4:35 | Build | Palisade Wall |
| 4:37 | Create | Villager (Male) |
| 4:37 | Create | Villager (Male) |
| 5:06 | Create | Villager (Male) |
| 5:24 | Build | House |
| 6:11 | Create | Villager (Male) |
| 6:11 | Create | Villager (Male) |
| 6:22 | Create | Villager (Male) |
| 6:57 | Create | Villager (Male) |
| 7:23 | Create | Villager (Male) |
| 7:36 | Build | House |
| 7:44 | Create | Villager (Male) |
| 7:44 | Create | Villager (Male) |
| 8:20 | Create | Villager (Male) |
| 8:20 | Create | Villager (Male) |
| 8:43 | Create | Villager (Male) |
| 8:52 | Build | Palisade Wall |
| 8:53 | Build | Palisade Wall |
| 8:58 | Build | Palisade Wall |
| 9:12 | Build | Palisade Wall |
| 9:19 | Create | Villager (Male) |
| 9:19 | Create | Villager (Male) |
| 9:42 | Create | Villager (Male) |
| 9:42 | Create | Villager (Male) |
| 10:05 | Create | Villager (Male) |
| 10:05 | Create | Villager (Male) |
| 10:07 | Create | Villager (Male) |
| 10:37 | Create | Villager (Male) |
| 10:38 | Create | Villager (Male) |
| 10:38 | Create | Villager (Male) |
| 10:47 | Build | House |
| 11:18 | Create | Villager (Male) |
| 11:19 | Create | Villager (Male) |
| 11:19 | Create | Villager (Male) |
| 11:32 | Create | Villager (Male) |
| 11:32 | Create | Villager (Male) |
| 11:41 | Build | Palisade Wall |
| 11:41 | Build | Palisade Wall |
| 12:05 | Build | Lumber Camp |
| 12:26 | Build | Palisade Wall |
| 13:24 | Build | Mill |
| 13:38 | Build | Palisade Wall |
| 13:44 | Research | Feudal Age |
| 13:48 | Build | Outpost |
| 14:15 | Build | House |
| 15:12 | Create | Villager (Male) |
| 15:54 | Age | Feudal Age |
| 16:01 | Build | Gate |
| 16:22 | Create | Villager (Male) |
| 16:24 | Research | Double-Bit Axe |
| 16:25 | Research | Double-Bit Axe |
| 16:31 | Build | Market |
| 16:33 | Build | Blacksmith |
| 16:42 | Build | Stone Wall |
| 16:43 | Build | Stone Wall |
| 17:24 | Build | Stone Wall |
| 17:42 | Create | Villager (Male) |
| 18:01 | Build | Stone Wall |
| 18:07 | Research | Castle Age |
| 18:14 | Build | Mining Camp |
| 19:26 | Create | Villager (Male) |
| 19:44 | Build | Gate |
| 20:00 | Build | Stone Wall |
| 20:05 | Build | Stone Wall |
| 20:06 | Build | Stone Wall |
| 20:24 | Create | Villager (Male) |
| 20:47 | Age | Castle Age |
| 20:55 | Build | Town Center |
| 21:00 | Build | Town Center |
| 21:04 | Build | Farm |
| 21:04 | Build | Farm |
| 21:04 | Build | Farm |
| 21:05 | Build | Farm |
| 21:05 | Build | Farm |
| 21:05 | Build | Farm |
| 21:05 | Build | Farm |
| 21:09 | Create | Villager (Male) |
| 21:11 | Research | Bow Saw |
| 21:24 | Create | Villager (Male) |
| 21:24 | Create | Villager (Male) |
| 21:57 | Build | House |
| 22:11 | Create | Villager (Male) |
| 22:16 | Build | Farm |
| 22:21 | Create | Villager (Male) |
| 22:21 | Create | Villager (Male) |
| 22:22 | Create | Villager (Male) |
| 22:22 | Create | Villager (Male) |
| 22:24 | Create | Villager (Male) |
| 22:26 | Create | Villager (Male) |
| 22:28 | Build | House |
| 22:29 | Build | House |
| 22:32 | Create | Villager (Male) |
| 22:34 | Create | Villager (Male) |
| 22:34 | Create | Villager (Male) |
| 22:38 | Build | Farm |
| 22:40 | Build | Farm |
| 22:47 | Build | House |
| 23:03 | Build | Farm |
| 23:04 | Create | Villager (Male) |
| 23:14 | Build | Farm |
| 23:15 | Build | Farm |
| 23:15 | Create | Villager (Male) |
| 23:18 | Build | Farm |
| 23:22 | Research | Horse Collar |
| 23:30 | Create | Villager (Male) |
| 23:38 | Build | Farm |
| 23:39 | Create | Villager (Male) |
| 23:42 | Build | Farm |
| 23:44 | Build | Farm |
| 23:46 | Build | Farm |
| 23:48 | Create | Villager (Male) |
| 23:58 | Build | Mining Camp |
| 24:00 | Create | Villager (Male) |
| 24:01 | Create | Villager (Male) |
| 24:03 | Build | Farm |
| 24:06 | Build | Farm |
| 24:08 | Build | Farm |
| 24:11 | Build | Farm |
| 24:15 | Build | Farm |
| 24:17 | Create | Villager (Male) |
| 24:21 | Build | Farm |
| 24:23 | Build | Farm |
| 24:25 | Build | Farm |
| 24:26 | Create | Villager (Male) |
| 24:29 | Build | Farm |
| 24:34 | Create | Villager (Male) |
| 24:36 | Build | House |
| 24:39 | Build | House |
| 24:46 | Create | Villager (Male) |
| 24:51 | Create | Villager (Male) |
| 24:53 | Create | Villager (Male) |
| 25:00 | Create | Villager (Male) |
| 25:13 | Build | House |
| 25:28 | Create | Villager (Male) |
| 25:32 | Build | Monastery |
Build order — MrGuler
First 150 of 404 actions detected
| 0:01 | Create | Villager (Male) |
| 0:02 | Build | House |
| 0:03 | Build | House |
| 0:17 | Create | Villager (Male) ×3 |
| 1:31 | Create | Villager (Male) |
| 1:44 | Build | Lumber Camp |
| 2:19 | Create | Villager (Male) |
| 2:41 | Create | Villager (Male) |
| 2:41 | Create | Villager (Male) |
| 3:06 | Research | Double-Bit Axe |
| 3:06 | Research | Double-Bit Axe |
| 3:28 | Create | Villager (Male) |
| 3:47 | Create | Villager (Male) |
| 3:50 | Build | House |
| 3:51 | Build | House |
| 4:16 | Create | Villager (Male) |
| 4:44 | Create | Villager (Male) |
| 5:07 | Create | Villager (Male) |
| 5:20 | Create | Villager (Male) |
| 5:21 | Create | Villager (Male) |
| 5:47 | Create | Villager (Male) |
| 5:47 | Create | Villager (Male) |
| 5:47 | Create | Villager (Male) |
| 7:11 | Create | Villager (Male) |
| 7:12 | Create | Villager (Male) |
| 7:16 | Build | Mill |
| 7:25 | Build | House |
| 7:46 | Create | Villager (Male) |
| 8:14 | Create | Villager (Male) |
| 8:18 | Build | Mining Camp |
| 9:03 | Research | Feudal Age |
| 9:27 | Create | Villager (Male) |
| 9:27 | Create | Villager (Male) |
| 11:13 | Age | Feudal Age |
| 11:19 | Build | Market |
| 11:21 | Build | Blacksmith |
| 12:00 | Create | Villager (Male) |
| 12:13 | Build | Lumber Camp |
| 12:19 | Create | Villager (Male) |
| 13:00 | Research | Castle Age |
| 13:00 | Research | Castle Age |
| 13:06 | Research | Bow Saw |
| 13:27 | Build | House |
| 13:28 | Build | House |
| 14:36 | Build | Barracks |
| 15:23 | Research | Horse Collar |
| 15:23 | Research | Horse Collar |
| 15:25 | Build | Farm |
| 15:27 | Build | Farm |
| 15:27 | Build | Farm |
| 15:36 | Build | Archery Range |
| 15:40 | Build | Archery Range |
| 15:40 | Age | Castle Age |
| 15:43 | Create | Villager (Male) |
| 15:44 | Create | Villager (Male) |
| 15:54 | Build | Town Center |
| 15:56 | Research | Two-Man Saw |
| 16:02 | Build | Farm |
| 16:02 | Build | Farm |
| 16:08 | Build | Farm |
| 16:11 | Build | Farm |
| 16:14 | Build | Farm |
| 16:16 | Build | Farm |
| 16:19 | Create | Villager (Male) |
| 16:41 | Create | Villager (Male) |
| 16:54 | Create | Villager (Male) |
| 16:57 | Create | Villager (Male) |
| 16:57 | Create | Villager (Male) |
| 16:58 | Build | Farm |
| 17:04 | Build | Farm |
| 17:14 | Build | Mining Camp |
| 17:21 | Create | Cavalry Archer |
| 17:21 | Create | Cavalry Archer |
| 17:31 | Create | Villager (Male) |
| 17:32 | Create | Villager (Male) |
| 17:36 | Build | Farm |
| 17:40 | Build | Farm |
| 17:49 | Create | Villager (Male) |
| 17:50 | Create | Cavalry Archer |
| 17:51 | Create | Cavalry Archer |
| 17:54 | Build | House |
| 18:00 | Create | Cavalry Archer |
| 18:13 | Research | Fletching |
| 18:13 | Research | Fletching |
| 18:17 | Build | Farm |
| 18:19 | Create | Villager (Male) |
| 18:24 | Create | Cavalry Archer |
| 18:27 | Build | House |
| 18:28 | Build | House |
| 18:29 | Build | House |
| 18:35 | Create | Villager (Male) |
| 18:39 | Create | Cavalry Archer |
| 18:51 | Create | Villager (Male) |
| 18:53 | Create | Villager (Male) |
| 18:58 | Build | Farm |
| 19:05 | Create | Villager (Male) |
| 19:10 | Create | Cavalry Archer |
| 19:33 | Build | Farm |
| 19:41 | Build | Gate |
| 19:42 | Build | Stone Wall |
| 19:47 | Build | Gate |
| 19:49 | Build | Stone Wall |
| 19:52 | Build | Stone Wall |
| 20:15 | Research | Bodkin Arrow |
| 20:15 | Research | Bodkin Arrow |
| 20:17 | Create | Villager (Male) ×3 |
| 20:28 | Create | Cavalry Archer |
| 20:29 | Create | Cavalry Archer |
| 20:55 | Create | Cavalry Archer |
| 20:55 | Create | Cavalry Archer |
| 21:01 | Create | Villager (Male) |
| 21:01 | Create | Villager (Male) |
| 21:15 | Build | Farm |
| 21:19 | Build | Farm |
| 21:21 | Research | Wheelbarrow |
| 21:24 | Build | Farm |
| 21:25 | Create | Villager (Male) |
| 21:25 | Create | Villager (Male) |
| 21:26 | Create | Villager (Male) |
| 21:27 | Build | Farm |
| 21:29 | Build | Farm |
| 21:31 | Build | Farm |
| 21:49 | Create | Cavalry Archer |
| 21:52 | Build | Stable |
| 21:56 | Build | House |
| 21:57 | Build | House |
| 21:58 | Build | House |
| 21:58 | Build | House |
| 21:58 | Build | House |
| 22:00 | Research | Loom |
| 22:01 | Research | Loom |
| 22:01 | Research | Town Watch |
| 22:08 | Create | Villager (Male) |
| 22:08 | Create | Villager (Male) |
| 22:55 | Build | Farm |
| 22:56 | Build | Farm |
| 23:02 | Build | Town Center |
| 23:10 | Build | House |
| 23:11 | Build | House |
| 23:11 | Build | House |
| 23:11 | Build | House |
| 23:12 | Build | House |
| 23:12 | Build | House |
| 23:15 | Research | Husbandry |
| 23:15 | Research | Husbandry |
| 23:18 | Build | House |
| 23:19 | Build | House |
| 23:20 | Build | House |
| 23:20 | Build | House |
| 23:20 | Build | House |
Build order — oLiVe007
First 150 of 466 actions detected
| 0:01 | Create | Villager (Male) ×4 |
| 0:03 | Build | House |
| 0:04 | Build | House |
| 0:54 | Build | Palisade Wall |
| 1:05 | Build | Palisade Wall |
| 1:23 | Research | Loom |
| 1:23 | Research | Loom |
| 1:28 | Build | House |
| 1:53 | Create | Villager (Male) |
| 1:53 | Create | Villager (Male) |
| 2:12 | Build | House |
| 2:24 | Build | House |
| 2:52 | Create | Villager (Male) ×2 |
| 2:52 | Create | Villager (Male) ×2 |
| 3:05 | Create | Villager (Male) |
| 3:05 | Create | Villager (Male) |
| 3:05 | Create | Villager (Male) |
| 3:28 | Build | Lumber Camp |
| 3:31 | Build | Palisade Wall |
| 3:59 | Create | Villager (Male) |
| 4:00 | Create | Villager (Male) |
| 4:12 | Build | Palisade Wall |
| 4:48 | Create | Villager (Male) |
| 4:48 | Create | Villager (Male) ×2 |
| 4:48 | Create | Villager (Male) ×2 |
| 4:52 | Create | Villager (Male) |
| 4:52 | Create | Villager (Male) |
| 4:53 | Create | Villager (Male) |
| 5:42 | Build | House |
| 5:54 | Create | Villager (Male) |
| 5:54 | Create | Villager (Male) |
| 6:24 | Create | Villager (Male) ×3 |
| 6:24 | Create | Villager (Male) ×3 |
| 6:34 | Build | House |
| 6:35 | Build | House |
| 6:56 | Create | Villager (Male) |
| 7:09 | Build | Lumber Camp |
| 7:35 | Build | Mining Camp |
| 8:25 | Build | Mill |
| 8:37 | Create | Villager (Male) |
| 8:54 | Create | Villager (Male) |
| 9:30 | Create | Villager (Male) |
| 9:57 | Create | Villager (Male) |
| 10:22 | Research | Feudal Age |
| 10:22 | Research | Feudal Age |
| 10:38 | Build | Farm |
| 10:39 | Build | Farm |
| 11:42 | Build | Farm |
| 11:47 | Build | Farm |
| 11:49 | Create | Villager (Male) |
| 12:32 | Age | Feudal Age |
| 12:37 | Build | Market |
| 12:39 | Build | Blacksmith |
| 12:48 | Create | Villager (Male) |
| 12:57 | Build | Farm |
| 13:12 | Build | Stone Wall |
| 13:52 | Research | Castle Age |
| 13:53 | Research | Castle Age |
| 14:20 | Build | Gate |
| 14:24 | Build | Mining Camp |
| 14:29 | Research | Double-Bit Axe |
| 14:29 | Research | Double-Bit Axe |
| 15:55 | Research | Gold Mining |
| 15:55 | Research | Gold Mining |
| 16:03 | Build | House |
| 16:23 | Build | House |
| 16:27 | Create | Villager (Male) |
| 16:32 | Age | Castle Age |
| 17:51 | Build | Castle |
| 18:15 | Create | Villager (Male) |
| 18:32 | Research | Bow Saw |
| 18:32 | Research | Bow Saw |
| 18:40 | Build | Farm |
| 18:49 | Create | Conquistador |
| 19:01 | Create | Conquistador |
| 19:18 | Create | Villager (Male) |
| 19:18 | Create | Villager (Male) |
| 19:21 | Build | Farm |
| 19:43 | Create | Conquistador |
| 20:14 | Create | Conquistador |
| 20:38 | Create | Villager (Male) |
| 20:39 | Create | Villager (Male) |
| 21:01 | Create | Villager (Male) |
| 21:01 | Create | Villager (Male) |
| 21:01 | Create | Villager (Male) |
| 21:02 | Build | Farm |
| 21:08 | Build | Town Center |
| 21:12 | Build | Farm |
| 21:13 | Build | Farm |
| 21:16 | Create | Villager (Male) |
| 21:21 | Build | Farm |
| 21:24 | Build | Farm |
| 21:40 | Create | Conquistador |
| 21:43 | Create | Villager (Male) |
| 21:43 | Create | Villager (Male) |
| 21:53 | Create | Villager (Male) |
| 21:54 | Create | Villager (Male) |
| 22:28 | Create | Villager (Male) |
| 22:28 | Create | Villager (Male) |
| 22:28 | Create | Villager (Male) |
| 22:31 | Create | Villager (Male) |
| 22:31 | Create | Villager (Male) |
| 22:48 | Build | Farm |
| 22:49 | Build | Farm |
| 22:50 | Build | Farm |
| 22:51 | Create | Villager (Male) |
| 22:53 | Build | Farm |
| 22:55 | Build | Farm |
| 23:17 | Build | Siege Workshop |
| 23:18 | Create | Villager (Male) |
| 23:20 | Create | Conquistador |
| 23:38 | Build | Town Center |
| 23:41 | Create | Villager (Male) |
| 23:42 | Create | Villager (Male) |
| 23:53 | Create | Villager (Male) |
| 24:06 | Create | Villager (Male) |
| 24:18 | Create | Villager (Male) |
| 24:18 | Create | Villager (Male) |
| 24:36 | Create | Battering Ram |
| 24:36 | Create | Mangonel |
| 24:38 | Create | Mangonel |
| 24:39 | Create | Villager (Male) |
| 24:39 | Create | Villager (Male) |
| 24:40 | Create | Villager (Male) |
| 24:44 | Build | Farm |
| 24:53 | Create | Conquistador |
| 24:58 | Create | Villager (Male) |
| 25:08 | Create | Villager (Male) |
| 25:08 | Create | Villager (Male) |
| 25:20 | Create | Villager (Male) |
| 25:20 | Create | Villager (Male) |
| 25:31 | Create | Battering Ram |
| 25:52 | Create | Battering Ram |
| 25:53 | Create | Villager (Male) |
| 26:08 | Create | Villager (Male) |
| 26:09 | Create | Villager (Male) |
| 26:42 | Create | Villager (Male) |
| 26:42 | Create | Villager (Male) |
| 26:48 | Create | Battering Ram |
| 26:50 | Create | Villager (Male) |
| 26:50 | Create | Villager (Male) |
| 26:50 | Create | Villager (Male) |
| 26:53 | Build | Farm |
| 26:56 | Research | Horse Collar |
| 27:01 | Create | Villager (Male) |
| 27:01 | Create | Villager (Male) |
| 27:15 | Create | Battering Ram |
| 27:15 | Create | Battering Ram |
| 27:18 | Create | Conquistador |
| 27:18 | Create | Conquistador |
Build order — Capmari
First 150 of 415 actions detected
| 0:01 | Create | Villager (Male) ×4 |
| 0:01 | Create | Villager (Male) ×4 |
| 0:02 | Create | Villager (Male) ×4 |
| 0:02 | Build | House |
| 0:03 | Build | House |
| 1:28 | Create | Villager (Male) |
| 2:05 | Create | Villager (Male) |
| 2:05 | Create | Villager (Male) |
| 2:05 | Create | Villager (Male) |
| 2:17 | Create | Villager (Male) |
| 2:17 | Create | Villager (Male) |
| 2:21 | Build | Lumber Camp |
| 2:44 | Create | Villager (Male) |
| 3:16 | Create | Villager (Male) |
| 3:17 | Create | Villager (Male) |
| 3:25 | Build | House |
| 3:37 | Create | Villager (Male) |
| 3:37 | Create | Villager (Male) |
| 3:47 | Create | Villager (Male) |
| 3:47 | Create | Villager (Male) |
| 4:20 | Create | Villager (Male) |
| 4:21 | Create | Villager (Male) |
| 4:50 | Create | Villager (Male) |
| 4:50 | Create | Villager (Male) |
| 4:51 | Create | Villager (Male) |
| 5:04 | Build | Barracks |
| 5:08 | Create | Villager (Male) |
| 5:08 | Create | Villager (Male) |
| 5:17 | Build | Palisade Wall |
| 5:17 | Build | Palisade Wall |
| 5:20 | Build | Palisade Wall |
| 5:29 | Build | Palisade Wall |
| 5:33 | Create | Villager (Male) |
| 5:34 | Create | Villager (Male) |
| 5:42 | Build | House |
| 6:06 | Create | Villager (Male) |
| 6:50 | Build | Palisade Wall |
| 6:52 | Build | Palisade Wall |
| 6:58 | Build | Palisade Wall |
| 7:04 | Build | Palisade Wall |
| 7:07 | Create | Villager (Male) |
| 7:10 | Build | Palisade Wall |
| 7:17 | Build | Palisade Wall |
| 7:29 | Create | Villager (Male) |
| 7:50 | Build | Mining Camp |
| 7:55 | Create | Villager (Male) |
| 8:23 | Research | Feudal Age |
| 8:23 | Research | Feudal Age |
| 8:53 | Create | Militia |
| 8:53 | Create | Militia |
| 8:53 | Create | Militia |
| 8:57 | Create | Militia |
| 8:57 | Create | Militia |
| 8:57 | Create | Militia |
| 9:33 | Create | Villager (Male) |
| 10:07 | Build | Mill |
| 10:15 | Build | Palisade Wall |
| 10:21 | Build | Palisade Wall |
| 10:24 | Build | Palisade Wall |
| 10:29 | Build | Palisade Wall |
| 10:33 | Age | Feudal Age |
| 10:35 | Build | Palisade Wall |
| 10:38 | Build | Palisade Wall |
| 10:42 | Create | Villager (Male) |
| 10:47 | Build | Stable |
| 10:49 | Build | Blacksmith |
| 10:52 | Build | Palisade Wall |
| 10:53 | Build | Palisade Wall |
| 10:56 | Build | Palisade Wall |
| 11:03 | Build | House |
| 11:09 | Build | Palisade Wall |
| 11:12 | Build | Palisade Wall |
| 11:17 | Build | Palisade Wall |
| 11:20 | Build | Palisade Wall |
| 11:24 | Build | Palisade Wall |
| 11:27 | Build | Palisade Wall |
| 11:32 | Build | Palisade Wall |
| 11:43 | Research | Loom |
| 12:07 | Research | Castle Age |
| 12:08 | Research | Castle Age |
| 12:49 | Research | Double-Bit Axe |
| 12:49 | Research | Double-Bit Axe |
| 12:50 | Research | Tech 1014 |
| 12:50 | Research | Tech 1014 |
| 14:41 | Create | Villager (Male) |
| 14:48 | Age | Castle Age |
| 14:55 | Create | Steppe Lancer |
| 14:56 | Create | Steppe Lancer |
| 15:00 | Build | Siege Workshop |
| 15:08 | Build | Town Center |
| 15:13 | Create | Villager (Male) |
| 15:21 | Research | Bow Saw |
| 15:22 | Research | Bow Saw |
| 15:24 | Create | Villager (Male) |
| 15:25 | Create | Steppe Lancer |
| 15:29 | Build | House |
| 15:41 | Create | Villager (Male) |
| 15:52 | Create | Iron Pagoda |
| 16:11 | Build | House |
| 16:18 | Create | Steppe Lancer |
| 16:21 | Create | Villager (Male) |
| 16:36 | Create | Villager (Male) |
| 16:39 | Build | Pasture |
| 16:54 | Build | House |
| 16:57 | Create | Villager (Male) |
| 17:00 | Create | Villager (Male) |
| 17:18 | Create | Villager (Male) ×3 |
| 17:23 | Build | House |
| 17:26 | Create | Iron Pagoda |
| 17:30 | Create | Steppe Lancer |
| 17:30 | Create | Steppe Lancer |
| 17:54 | Build | House |
| 17:56 | Create | Villager (Male) |
| 18:01 | Build | Pasture |
| 18:17 | Build | House |
| 18:23 | Create | Camel Scout |
| 18:23 | Create | Camel Scout |
| 19:00 | Build | Monastery |
| 19:01 | Create | Villager (Male) ×4 |
| 19:04 | Create | Iron Pagoda |
| 19:33 | Create | Steppe Lancer |
| 19:36 | Create | Villager (Male) |
| 19:37 | Create | Villager (Male) |
| 20:11 | Build | House |
| 20:14 | Create | Monk |
| 20:16 | Create | Steppe Lancer |
| 20:16 | Create | Steppe Lancer |
| 20:30 | Create | Villager (Male) ×2 |
| 20:34 | Build | Pasture |
| 20:35 | Build | Pasture |
| 20:40 | Build | Pasture |
| 20:40 | Build | Pasture |
| 20:41 | Build | Pasture |
| 20:41 | Build | Pasture |
| 20:54 | Build | House |
| 20:55 | Create | Monk |
| 20:56 | Create | Villager (Male) |
| 21:02 | Build | Pasture |
| 21:19 | Build | Town Center |
| 21:33 | Create | Villager (Male) ×4 |
| 21:33 | Create | Villager (Male) ×4 |
| 21:41 | Create | Villager (Male) |
| 22:21 | Build | Stable |
| 22:22 | Build | Stable |
| 22:28 | Create | Camel Scout |
| 22:36 | Create | Monk |
| 22:56 | Build | House |
| 22:56 | Build | House |
| 23:04 | Create | Villager (Male) ×5 |
| 23:06 | Build | Pasture |
Build order — Rodney McKay
First 150 of 400 actions detected
| 0:01 | Create | Villager (Male) |
| 0:02 | Build | House |
| 0:03 | Build | House |
| 0:12 | Create | Villager (Male) |
| 0:12 | Research | Loom |
| 0:22 | Create | Villager (Male) |
| 0:22 | Create | Villager (Male) |
| 0:46 | Build | Palisade Wall |
| 1:58 | Create | Villager (Male) |
| 2:17 | Build | Palisade Wall |
| 2:24 | Build | Palisade Wall |
| 2:26 | Build | Palisade Wall |
| 2:33 | Create | Villager (Male) |
| 3:02 | Create | Villager (Male) |
| 3:20 | Build | Palisade Wall |
| 3:26 | Build | Palisade Wall |
| 3:32 | Create | Villager (Male) |
| 4:02 | Create | Villager (Male) |
| 4:53 | Create | Villager (Male) |
| 6:10 | Create | Villager (Male) |
| 6:41 | Create | Villager (Male) |
| 6:58 | Create | Villager (Male) |
| 7:13 | Build | Lumber Camp |
| 7:21 | Create | Villager (Male) |
| 7:25 | Build | House |
| 7:37 | Create | Villager (Male) |
| 8:01 | Create | Villager (Male) |
| 8:41 | Create | Villager (Male) |
| 8:42 | Create | Villager (Male) |
| 8:49 | Build | Mill |
| 9:00 | Build | Palisade Wall |
| 9:01 | Build | Palisade Wall |
| 9:04 | Build | Palisade Wall |
| 9:08 | Build | Palisade Wall |
| 9:14 | Create | Villager (Male) |
| 9:15 | Create | Villager (Male) |
| 9:34 | Create | Villager (Male) |
| 9:53 | Build | House |
| 9:57 | Create | Villager (Male) |
| 10:00 | Build | Palisade Wall |
| 10:07 | Create | Villager (Male) |
| 10:16 | Build | Palisade Wall |
| 10:26 | Build | Palisade Wall |
| 10:33 | Build | Palisade Wall |
| 10:35 | Build | Palisade Wall |
| 11:15 | Create | Villager (Male) |
| 11:35 | Build | Palisade Wall |
| 11:44 | Create | Villager (Male) |
| 11:52 | Create | Villager (Male) |
| 12:09 | Create | Villager (Male) |
| 12:12 | Create | Villager (Male) |
| 12:20 | Create | Villager (Male) |
| 12:28 | Create | Villager (Male) |
| 12:32 | Build | Palisade Wall |
| 12:34 | Create | Villager (Male) |
| 12:38 | Create | Villager (Male) |
| 12:48 | Create | Villager (Male) |
| 12:52 | Create | Villager (Male) |
| 13:03 | Build | Palisade Wall |
| 13:06 | Create | Villager (Male) |
| 13:07 | Create | Villager (Male) |
| 13:10 | Create | Villager (Male) |
| 13:31 | Build | Palisade Wall |
| 13:38 | Create | Villager (Male) |
| 13:41 | Create | Villager (Male) |
| 13:54 | Create | Villager (Male) |
| 14:18 | Create | Villager (Male) |
| 14:24 | Create | Villager (Male) |
| 14:34 | Build | Lumber Camp |
| 14:52 | Create | Villager (Male) |
| 14:52 | Create | Villager (Male) |
| 15:29 | Build | House |
| 15:37 | Research | Feudal Age |
| 15:57 | Create | Villager (Male) |
| 16:06 | Create | Villager (Male) |
| 17:47 | Age | Feudal Age |
| 17:51 | Build | Watch Tower |
| 17:58 | Research | Double-Bit Axe |
| 18:02 | Build | Blacksmith |
| 18:26 | Create | Villager (Male) |
| 18:58 | Build | Watch Tower |
| 19:04 | Create | Villager (Male) |
| 19:05 | Create | Villager (Male) |
| 19:09 | Build | Farm |
| 19:11 | Create | Villager (Male) |
| 19:44 | Build | Palisade Wall |
| 19:45 | Build | Palisade Wall |
| 19:55 | Build | Palisade Wall |
| 20:12 | Build | Mining Camp |
| 20:15 | Build | Farm |
| 20:33 | Create | Villager (Male) |
| 20:35 | Build | Farm |
| 20:58 | Build | House |
| 21:08 | Build | Farm |
| 21:08 | Build | Farm |
| 21:08 | Build | Farm |
| 21:08 | Build | Farm |
| 21:15 | Build | Market |
| 21:40 | Build | Farm |
| 21:54 | Build | Farm |
| 21:56 | Build | Farm |
| 22:00 | Build | Farm |
| 22:04 | Build | Stone Wall |
| 22:12 | Build | Stone Wall |
| 22:25 | Build | Outpost |
| 22:27 | Build | Stone Wall |
| 22:28 | Create | Villager (Male) |
| 22:30 | Build | Farm |
| 22:35 | Build | Farm |
| 22:39 | Build | Farm |
| 22:50 | Research | Castle Age |
| 23:09 | Create | Villager (Male) |
| 23:09 | Create | Villager (Male) |
| 23:39 | Build | Stone Wall |
| 23:50 | Research | Wheelbarrow |
| 25:33 | Age | Castle Age |
| 25:35 | Build | Town Center |
| 25:49 | Build | Town Center |
| 25:54 | Create | Villager (Male) |
| 25:57 | Research | Bow Saw |
| 26:38 | Create | Villager (Male) |
| 26:38 | Create | Villager (Male) |
| 26:42 | Build | House |
| 26:56 | Create | Villager (Male) |
| 26:57 | Create | Villager (Male) |
| 27:02 | Create | Villager (Male) |
| 27:07 | Build | Stone Wall |
| 27:16 | Create | Villager (Male) |
| 27:28 | Create | Villager (Male) |
| 27:28 | Create | Villager (Male) |
| 27:28 | Create | Villager (Male) |
| 27:37 | Build | Town Center |
| 27:40 | Build | Farm |
| 27:40 | Build | Farm |
| 27:40 | Build | Farm |
| 27:41 | Build | Farm |
| 27:46 | Build | Farm |
| 27:47 | Build | Farm |
| 27:47 | Build | Farm |
| 27:47 | Build | Farm |
| 27:47 | Build | Farm |
| 27:48 | Build | Farm |
| 27:56 | Build | Farm |
| 27:58 | Build | Farm |
| 27:59 | Build | Farm |
| 28:05 | Create | Villager (Male) |
| 28:23 | Create | Villager (Male) |
| 28:33 | Build | Town Center |
| 28:43 | Build | Farm |
| 28:45 | Create | Villager (Male) |
Build order — Rest in Pieces
First 150 of 399 actions detected
| 0:01 | Create | Villager (Male) |
| 0:04 | Build | House |
| 0:06 | Build | House |
| 0:10 | Create | Villager (Male) |
| 0:11 | Create | Villager (Male) |
| 0:11 | Create | Villager (Male) |
| 0:31 | Research | Loom |
| 0:31 | Create | Villager (Male) |
| 0:31 | Create | Villager (Male) |
| 1:13 | Build | Palisade Wall |
| 1:30 | Create | Villager (Male) |
| 1:58 | Build | Palisade Wall |
| 2:01 | Build | Palisade Wall |
| 2:03 | Build | Palisade Wall |
| 2:04 | Build | Palisade Wall |
| 2:32 | Create | Villager (Male) |
| 2:54 | Create | Villager (Male) |
| 3:31 | Create | Villager (Male) |
| 3:49 | Create | Villager (Male) |
| 4:40 | Create | Villager (Male) |
| 5:00 | Create | Villager (Male) |
| 5:14 | Build | House |
| 5:23 | Create | Villager (Male) |
| 6:07 | Build | Palisade Wall |
| 6:10 | Build | Palisade Wall |
| 6:11 | Build | Palisade Wall |
| 6:13 | Build | Palisade Wall |
| 6:18 | Build | Palisade Wall |
| 6:20 | Build | House |
| 6:30 | Create | Villager (Male) |
| 6:34 | Build | Palisade Wall |
| 6:36 | Build | Palisade Wall |
| 6:41 | Create | Villager (Male) |
| 6:43 | Build | Palisade Wall |
| 6:45 | Build | Palisade Wall |
| 7:23 | Create | Villager (Male) |
| 7:23 | Create | Villager (Male) |
| 7:35 | Build | Palisade Wall |
| 7:36 | Build | Palisade Wall |
| 7:42 | Create | Villager (Male) |
| 7:57 | Build | Palisade Wall |
| 7:58 | Build | Palisade Wall |
| 8:24 | Create | Villager (Male) |
| 8:36 | Create | Villager (Male) |
| 9:01 | Build | House |
| 9:08 | Create | Villager (Male) |
| 9:23 | Create | Villager (Male) |
| 9:41 | Build | Lumber Camp |
| 9:43 | Create | Villager (Male) |
| 10:25 | Create | Villager (Male) |
| 10:38 | Build | House |
| 10:42 | Create | Villager (Male) |
| 10:57 | Build | Mill |
| 10:58 | Create | Villager (Male) |
| 11:17 | Create | Villager (Male) |
| 11:24 | Create | Villager (Male) |
| 11:31 | Create | Villager (Male) |
| 11:43 | Create | Villager (Male) |
| 11:53 | Build | House |
| 11:54 | Create | Villager (Male) |
| 12:14 | Create | Villager (Male) |
| 12:42 | Create | Villager (Male) |
| 12:51 | Create | Villager (Male) |
| 13:04 | Create | Villager (Male) |
| 13:12 | Create | Villager (Male) |
| 13:52 | Create | Villager (Male) |
| 13:59 | Create | Villager (Male) |
| 14:09 | Create | Villager (Male) |
| 14:28 | Build | Farm |
| 14:28 | Build | Farm |
| 14:28 | Build | Farm |
| 14:28 | Build | Farm |
| 14:29 | Build | Farm |
| 14:39 | Create | Villager (Male) |
| 14:43 | Build | House |
| 14:47 | Build | Palisade Wall |
| 14:51 | Build | Palisade Wall |
| 14:52 | Build | Palisade Wall |
| 15:03 | Create | Villager (Male) |
| 15:09 | Build | Palisade Wall |
| 15:25 | Build | Palisade Wall |
| 16:16 | Build | Lumber Camp |
| 16:39 | Build | Farm |
| 17:04 | Build | Farm |
| 17:06 | Build | Farm |
| 17:28 | Create | Villager (Male) |
| 17:39 | Build | Farm |
| 17:39 | Build | Farm |
| 17:40 | Build | Farm |
| 17:40 | Build | Farm |
| 17:40 | Build | Farm |
| 17:40 | Build | Farm |
| 17:53 | Create | Villager (Male) |
| 18:03 | Research | Feudal Age |
| 18:07 | Build | Palisade Wall |
| 18:12 | Build | Palisade Wall |
| 18:22 | Build | Palisade Wall |
| 18:24 | Build | Palisade Wall |
| 18:32 | Build | Mining Camp |
| 18:37 | Build | Palisade Wall |
| 19:02 | Build | Palisade Wall |
| 19:11 | Create | Villager (Male) |
| 19:11 | Create | Villager (Male) |
| 19:14 | Build | House |
| 19:15 | Build | House |
| 20:06 | Build | Palisade Wall |
| 20:24 | Age | Feudal Age |
| 20:24 | Build | Palisade Wall |
| 20:29 | Build | Market |
| 20:31 | Build | Blacksmith |
| 20:40 | Build | Blacksmith |
| 20:58 | Build | Mining Camp |
| 21:06 | Build | Farm |
| 21:09 | Create | Villager (Male) |
| 21:26 | Build | Stone Wall |
| 21:30 | Build | Stone Wall |
| 21:46 | Build | Lumber Camp |
| 22:01 | Research | Castle Age |
| 22:10 | Build | Gate |
| 22:14 | Build | Gate |
| 22:22 | Create | Villager (Male) |
| 22:34 | Build | House |
| 22:37 | Build | House |
| 22:50 | Build | Stone Wall |
| 22:54 | Build | Stone Wall |
| 23:18 | Build | Stone Wall |
| 23:45 | Research | Horse Collar |
| 23:47 | Research | Double-Bit Axe |
| 24:41 | Age | Castle Age |
| 24:51 | Create | Villager (Male) |
| 25:09 | Create | Villager (Male) |
| 25:25 | Build | Castle |
| 25:27 | Create | Villager (Male) |
| 25:40 | Build | Farm |
| 25:59 | Create | Villager (Male) |
| 26:04 | Build | Palisade Gate |
| 26:14 | Build | Farm |
| 26:14 | Build | Farm |
| 26:15 | Build | Farm |
| 26:15 | Build | Farm |
| 26:19 | Build | Farm |
| 26:22 | Build | Farm |
| 26:44 | Create | Villager (Male) |
| 26:59 | Create | Villager (Male) |
| 27:18 | Create | Unit 1968 |
| 27:19 | Create | Villager (Male) |
| 27:28 | Create | Unit 1968 |
| 27:52 | Build | Mining Camp |
| 27:56 | Create | Villager (Male) |
| 28:07 | Create | Unit 1968 |
Match timeline
| 0:46 | Rodney McKay · wall_segment Palisade Wall x5 |
| 0:54 | oLiVe007 · wall_segment Palisade Wall x9 |
| 1:05 | oLiVe007 · wall_segment Palisade Wall x11 |
| 1:13 | Rest in Pieces · wall_segment Palisade Wall x16 |
| 1:29 | timmex · wall_segment Palisade Wall x4 |
| 1:32 | timmex · wall_segment Palisade Wall x1 |
| 1:34 | timmex · wall_segment Palisade Wall x1 |
| 1:38 | timmex · wall_segment Palisade Wall x1 |
| 1:58 | Rest in Pieces · wall_segment Palisade Wall x1 |
| 2:01 | Rest in Pieces · wall_segment Palisade Wall x1 |
| 2:03 | Rest in Pieces · wall_segment Palisade Wall x1 |
| 2:04 | Rest in Pieces · wall_segment Palisade Wall x1 |
| 2:14 | timmex · wall_segment Palisade Wall x1 |
| 2:17 | Rodney McKay · wall_segment Palisade Wall x1 |
| 2:24 | Rodney McKay · wall_segment Palisade Wall x1 |
| 2:26 | Rodney McKay · wall_segment Palisade Wall x1 |
| 3:20 | Rodney McKay · wall_segment Palisade Wall x2 |
| 3:26 | Rodney McKay · wall_segment Palisade Wall x1 |
| 3:31 | oLiVe007 · wall_segment Palisade Wall x11 |
| 4:12 | oLiVe007 · wall_segment Palisade Wall x5 |
| 4:35 | lion_ · wall_segment Palisade Wall x7 |
| 5:04 | Capmari · first_building Barracks |
| 5:17 | Capmari · wall_segment Palisade Wall x1 |
| 5:17 | Capmari · wall_segment Palisade Wall x1 |
| 5:20 | Capmari · wall_segment Palisade Wall x1 |
| 5:29 | Capmari · wall_segment Palisade Wall x1 |
| 6:07 | Rest in Pieces · wall_segment Palisade Wall x1 |
| 6:10 | Rest in Pieces · wall_segment Palisade Wall x1 |
| 6:11 | Rest in Pieces · wall_segment Palisade Wall x1 |
| 6:13 | Rest in Pieces · wall_segment Palisade Wall x1 |
| 6:18 | Rest in Pieces · wall_segment Palisade Wall x1 |
| 6:34 | Rest in Pieces · wall_segment Palisade Wall x1 |
| 6:36 | Rest in Pieces · wall_segment Palisade Wall x1 |
| 6:43 | Rest in Pieces · wall_segment Palisade Wall x1 |
| 6:45 | Rest in Pieces · wall_segment Palisade Wall x1 |
| 6:50 | Capmari · wall_segment Palisade Wall x1 |
| 6:52 | Capmari · wall_segment Palisade Wall x1 |
| 6:58 | Capmari · wall_segment Palisade Wall x1 |
| 7:04 | Capmari · wall_segment Palisade Wall x1 |
| 7:10 | Capmari · wall_segment Palisade Wall x1 |
| 7:17 | Capmari · wall_segment Palisade Wall x1 |
| 7:35 | Rest in Pieces · wall_segment Palisade Wall x11 |
| 7:36 | Rest in Pieces · wall_segment Palisade Wall x1 |
| 7:42 | timmex · wall_segment Palisade Wall x1 |
| 7:57 | Rest in Pieces · wall_segment Palisade Wall x1 |
| 7:58 | Rest in Pieces · wall_segment Palisade Wall x4 |
| 8:22 | timmex · wall_segment Palisade Wall x1 |
| 8:24 | timmex · wall_segment Palisade Wall x1 |
| 8:52 | lion_ · wall_segment Palisade Wall x1 |
| 8:53 | lion_ · wall_segment Palisade Wall x1 |
| 8:58 | lion_ · wall_segment Palisade Wall x18 |
| 8:58 | Kirby Nach · first_building Barracks |
| 9:00 | Rodney McKay · wall_segment Palisade Wall x1 |
| 9:01 | Rodney McKay · wall_segment Palisade Wall x1 |
| 9:04 | Rodney McKay · wall_segment Palisade Wall x1 |
| 9:08 | Rodney McKay · wall_segment Palisade Wall x1 |
| 9:12 | lion_ · wall_segment Palisade Wall x1 |
| 9:50 | timmex · wall_segment Palisade Wall x19 |
| 10:00 | Rodney McKay · wall_segment Palisade Wall x1 |
| 10:13 | timmex · wall_segment Palisade Wall x1 |
| 10:15 | Capmari · wall_segment Palisade Wall x1 |
| 10:16 | Rodney McKay · wall_segment Palisade Wall x1 |
| 10:21 | Capmari · wall_segment Palisade Wall x1 |
| 10:24 | Capmari · wall_segment Palisade Wall x1 |
| 10:26 | Rodney McKay · wall_segment Palisade Wall x1 |
| 10:29 | Capmari · wall_segment Palisade Wall x1 |
| 10:33 | Capmari · age_up feudal |
| 10:33 | Rodney McKay · wall_segment Palisade Wall x1 |
| 10:35 | Capmari · wall_segment Palisade Wall x1 |
| 10:35 | Rodney McKay · wall_segment Palisade Wall x1 |
| 10:38 | Capmari · wall_segment Palisade Wall x1 |
| 10:47 | Capmari · first_building Stable |
| 10:52 | Capmari · wall_segment Palisade Wall x1 |
| 10:53 | Capmari · wall_segment Palisade Wall x1 |
| 10:56 | Capmari · wall_segment Palisade Wall x1 |
| 11:09 | Capmari · wall_segment Palisade Wall x1 |
| 11:09 | Kirby Nach · age_up feudal |
| 11:12 | Capmari · wall_segment Palisade Wall x1 |
| 11:13 | MrGuler · age_up feudal |
| 11:17 | Capmari · wall_segment Palisade Wall x1 |
| 11:17 | Kirby Nach · first_building Stable |
| 11:20 | Capmari · wall_segment Palisade Wall x1 |
| 11:21 | timmex · wall_segment Palisade Wall x7 |
| 11:24 | Capmari · wall_segment Palisade Wall x1 |
| 11:24 | timmex · wall_segment Palisade Wall x1 |
| 11:27 | Capmari · wall_segment Palisade Wall x1 |
| 11:32 | Capmari · wall_segment Palisade Wall x1 |
| 11:35 | Rodney McKay · wall_segment Palisade Wall x1 |
| 11:41 | lion_ · wall_segment Palisade Wall x6 |
| 11:41 | lion_ · wall_segment Palisade Wall x1 |
| 11:53 | timmex · wall_segment Palisade Wall x13 |
| 12:26 | lion_ · wall_segment Palisade Wall x14 |
| 12:32 | Rodney McKay · wall_segment Palisade Wall x1 |
| 12:32 | oLiVe007 · age_up feudal |
| 12:48 | timmex · wall_segment Palisade Wall x8 |
| 13:03 | Rodney McKay · wall_segment Palisade Wall x1 |
| 13:12 | oLiVe007 · wall_segment Stone Wall x11 |
| 13:21 | timmex · wall_segment Palisade Wall x1 |
| 13:28 | oLiVe007 · first_market_sell 100 stone |
| 13:29 | timmex · wall_segment Palisade Wall x1 |
| 13:29 | oLiVe007 · first_market_buy 100 food |
| 13:31 | Rodney McKay · wall_segment Palisade Wall x1 |
| 13:38 | lion_ · wall_segment Palisade Wall x10 |
| 14:36 | MrGuler · first_building Barracks |
| 14:47 | Rest in Pieces · wall_segment Palisade Wall x11 |
| 14:48 | Capmari · age_up castle |
| 14:51 | Rest in Pieces · wall_segment Palisade Wall x1 |
| 14:52 | Rest in Pieces · wall_segment Palisade Wall x1 |
| 15:00 | Capmari · first_building Siege Workshop |
| 15:09 | Rest in Pieces · wall_segment Palisade Wall x12 |
| 15:25 | Rest in Pieces · wall_segment Palisade Wall x1 |
| 15:36 | MrGuler · first_building Archery Range |
| 15:40 | MrGuler · age_up castle |
| 15:54 | lion_ · age_up feudal |
| 16:01 | Kirby Nach · age_up castle |
| 16:04 | Kirby Nach · first_building Siege Workshop |
| 16:07 | timmex · age_up feudal |
| 16:32 | oLiVe007 · age_up castle |
| 16:42 | lion_ · wall_segment Stone Wall x1 |
| 16:43 | lion_ · wall_segment Stone Wall x8 |
| 17:18 | MrGuler · first_market_sell 100 food |
| 17:24 | lion_ · wall_segment Stone Wall x6 |
| 17:47 | Rodney McKay · age_up feudal |
| 17:48 | lion_ · first_market_sell 100 wood |
| 17:51 | oLiVe007 · first_building Castle |
| 18:01 | lion_ · wall_segment Stone Wall x6 |
| 18:07 | Rest in Pieces · wall_segment Palisade Wall x6 |
| 18:12 | Rest in Pieces · wall_segment Palisade Wall x2 |
| 18:22 | Rest in Pieces · wall_segment Palisade Wall x1 |
| 18:24 | Rest in Pieces · wall_segment Palisade Wall x1 |
| 18:37 | Rest in Pieces · wall_segment Palisade Wall x9 |
| 18:50 | Kirby Nach · first_building Monastery |
| 19:00 | Capmari · first_building Monastery |
| 19:02 | Rest in Pieces · wall_segment Palisade Wall x9 |
| 19:36 | timmex · first_market_buy 100 food |
| 19:37 | timmex · first_market_sell 100 wood |
| 19:41 | Kirby Nach · wall_segment Stone Wall x1 |
| 19:42 | MrGuler · wall_segment Stone Wall x6 |
| 19:43 | Kirby Nach · wall_segment Stone Wall x1 |
| 19:44 | Rodney McKay · wall_segment Palisade Wall x1 |
| 19:45 | Rodney McKay · wall_segment Palisade Wall x10 |
| 19:49 | MrGuler · wall_segment Stone Wall x1 |
| 19:52 | MrGuler · wall_segment Stone Wall x1 |
| 19:55 | Rodney McKay · wall_segment Palisade Wall x6 |
| 20:00 | lion_ · wall_segment Stone Wall x1 |
| 20:05 | lion_ · wall_segment Stone Wall x1 |
| 20:06 | Rest in Pieces · wall_segment Palisade Wall x8 |
| 20:06 | lion_ · wall_segment Stone Wall x1 |
| 20:19 | timmex · first_building Barracks |
| 20:24 | Rest in Pieces · age_up feudal |
| 20:24 | Rest in Pieces · wall_segment Palisade Wall x1 |
| 20:47 | lion_ · age_up castle |
| 21:26 | Rest in Pieces · wall_segment Stone Wall x1 |
| 21:30 | Rest in Pieces · wall_segment Stone Wall x4 |
| 21:36 | Rest in Pieces · first_market_sell 100 wood |
| 21:36 | Rest in Pieces · first_market_buy 100 food |
| 21:48 | Rodney McKay · first_market_sell 100 wood |
| 21:52 | MrGuler · first_building Stable |
| 22:04 | Rodney McKay · wall_segment Stone Wall x1 |
| 22:12 | Rodney McKay · wall_segment Stone Wall x8 |
| 22:23 | timmex · age_up castle |
| 22:27 | Rodney McKay · wall_segment Stone Wall x4 |
| 22:50 | Rest in Pieces · wall_segment Stone Wall x1 |
| 22:54 | Rest in Pieces · wall_segment Stone Wall x1 |
| 22:59 | MrGuler · first_market_buy 100 stone |
| 23:17 | oLiVe007 · first_building Siege Workshop |
| 23:18 | Rest in Pieces · wall_segment Stone Wall x1 |
| 23:39 | Rodney McKay · wall_segment Stone Wall x3 |
| 24:41 | Rest in Pieces · age_up castle |
| 25:25 | Rest in Pieces · first_building Castle |
| 25:32 | lion_ · first_building Monastery |
| 25:33 | Rodney McKay · age_up castle |
| 25:47 | Rodney McKay · first_market_buy 100 stone |
| 26:20 | MrGuler · first_building Monastery |
| 26:54 | lion_ · wall_segment Stone Wall x1 |
| 26:57 | lion_ · wall_segment Stone Wall x14 |
| 27:01 | Kirby Nach · wall_segment Stone Wall x1 |
| 27:03 | Kirby Nach · wall_segment Stone Wall x7 |
| 27:07 | Rodney McKay · wall_segment Stone Wall x1 |
| 27:24 | MrGuler · first_building Siege Workshop |
| 28:25 | lion_ · first_market_buy 100 food |
| 28:51 | Kirby Nach · wall_segment Stone Wall x1 |
| 28:52 | Kirby Nach · wall_segment Stone Wall x1 |
| 30:02 | MrGuler · age_up imperial |
| 30:09 | Capmari · first_building Archery Range |
| 30:39 | Rodney McKay · wall_segment Stone Wall x1 |
| 30:40 | Rodney McKay · wall_segment Stone Wall x1 |
| 30:54 | lion_ · wall_segment Stone Wall x9 |
| 31:36 | Kirby Nach · wall_segment Palisade Wall x1 |
| 31:39 | lion_ · first_building Castle |
| 31:41 | lion_ · age_up imperial |
| 31:43 | Capmari · wall_segment Stone Wall x9 |
| 31:51 | Rodney McKay · wall_segment Stone Wall x1 |
| 31:55 | Rodney McKay · wall_segment Stone Wall x5 |
| 32:28 | Rest in Pieces · first_building Siege Workshop |
| 32:36 | lion_ · first_building Siege Workshop |
| 32:41 | oLiVe007 · wall_segment Stone Wall x4 |
| 32:48 | oLiVe007 · wall_segment Stone Wall x8 |
| 32:53 | timmex · first_building Siege Workshop |
| 33:01 | timmex · first_building Castle |
| 33:13 | oLiVe007 · wall_segment Stone Wall x4 |
| 33:19 | Rodney McKay · wall_segment Stone Wall x7 |
| 33:32 | oLiVe007 · wall_segment Stone Wall x12 |
| 33:40 | timmex · first_building Monastery |
| 33:46 | oLiVe007 · wall_segment Stone Wall x6 |
| 33:47 | lion_ · wall_segment Stone Wall x1 |
| 33:51 | Capmari · age_up imperial |
| 33:51 | Capmari · first_market_sell 100 wood |
| 33:58 | oLiVe007 · wall_segment Stone Wall x10 |
| 34:06 | Rodney McKay · first_building Monastery |
| 34:11 | Rodney McKay · first_building Siege Workshop |
| 34:20 | oLiVe007 · first_building Barracks |
| 34:39 | Capmari · first_building Castle |
| 34:50 | Capmari · first_market_buy 100 wood |
| 34:57 | oLiVe007 · wall_segment Stone Wall x9 |
| 34:59 | Kirby Nach · first_building Castle |
| 35:12 | Kirby Nach · first_building Archery Range |
| 35:15 | MrGuler · first_building Castle |
| 35:17 | Rodney McKay · first_building Barracks |
| 35:20 | Rest in Pieces · age_up imperial |
| 35:21 | oLiVe007 · wall_segment Stone Wall x11 |
| 35:26 | Rodney McKay · first_building Castle |
| 35:27 | oLiVe007 · wall_segment Stone Wall x2 |
| 35:52 | oLiVe007 · first_building Stable |
| 35:54 | Rest in Pieces · wall_segment Stone Wall x9 |
| 36:04 | Rest in Pieces · wall_segment Stone Wall x9 |
| 36:09 | oLiVe007 · wall_segment Stone Wall x1 |
| 36:19 | oLiVe007 · wall_segment Stone Wall x10 |
| 36:26 | Kirby Nach · age_up imperial |
| 36:35 | Rodney McKay · wall_segment Stone Wall x18 |
| 36:41 | timmex · age_up imperial |
| 36:53 | Rodney McKay · wall_segment Stone Wall x15 |
| 37:01 | lion_ · wall_segment Stone Wall x4 |
| 37:05 | Rodney McKay · first_building Stable |
| 37:21 | oLiVe007 · wall_segment Stone Wall x1 |
| 37:23 | Rodney McKay · wall_segment Stone Wall x9 |
| 37:49 | Rodney McKay · wall_segment Stone Wall x9 |
| 38:11 | Rodney McKay · wall_segment Stone Wall x10 |
| 38:14 | oLiVe007 · wall_segment Stone Wall x1 |
| 38:25 | Rodney McKay · age_up imperial |
| 38:27 | Rodney McKay · wall_segment Stone Wall x1 |
| 38:34 | Rest in Pieces · wall_segment Stone Wall x1 |
| 38:42 | Rodney McKay · wall_segment Stone Wall x15 |
| 38:51 | oLiVe007 · age_up imperial |
| 38:53 | lion_ · first_building Barracks |
| 39:04 | Kirby Nach · first_market_sell 100 food |
| 39:17 | Rodney McKay · wall_segment Stone Wall x4 |
| 39:37 | Rodney McKay · wall_segment Stone Wall x7 |
| 39:39 | Rodney McKay · wall_segment Stone Wall x1 |
| 39:52 | oLiVe007 · wall_segment Stone Wall x1 |
| 40:10 | Rodney McKay · wall_segment Stone Wall x12 |
| 41:50 | lion_ · wall_segment Stone Wall x10 |
| 42:19 | lion_ · wall_segment Stone Wall x5 |
| 42:59 | Rest in Pieces · first_building Barracks |
| 43:44 | oLiVe007 · first_building Monastery |
| 44:04 | oLiVe007 · wall_segment Stone Wall x1 |
| 45:54 | MrGuler · tribute_sent a jugador 1 |
| 45:54 | MrGuler · tribute_sent a jugador 2 |
| 45:54 | MrGuler · tribute_sent a jugador 3 |
| 45:54 | MrGuler · tribute_sent a jugador 5 |
| 45:54 | MrGuler · tribute_sent a jugador 6 |
| 45:54 | MrGuler · tribute_sent a jugador 7 |
| 45:54 | MrGuler · tribute_sent a jugador 8 |
| 46:06 | MrGuler · tribute_sent a jugador 1 |
| 46:06 | MrGuler · tribute_sent a jugador 2 |
| 46:06 | MrGuler · tribute_sent a jugador 3 |
| 46:06 | MrGuler · tribute_sent a jugador 5 |
| 46:06 | MrGuler · tribute_sent a jugador 6 |
| 46:06 | MrGuler · tribute_sent a jugador 7 |
| 46:06 | MrGuler · tribute_sent a jugador 8 |
| 46:37 | Capmari · resign |
[ AI ANALYSIS · 1 CREDIT ]
What really happened in this match?
Wolo.gg analyzes every decision: build order, eco, micro, common mistakes by bracket. Personalized analysis on WhatsApp or Discord in 30 seconds.
Civ guide
Goths
Perfil
Jugador #915028